 Dungeon Crawl Stone Soup version 0.32-a0-468-g38b2580584 (webtiles) character file.

Game seed: 4528461385943437102

35890 Atlas the Thaumaturge (level 13, -1/83 HPs)
             Began as a Demonspawn Fire Elementalist on Feb 25, 2024.
             Was an Elder of Vehumet.
             Collided with a briar patch (15 damage)
             ... after being knocked back by a swamp worm
             ... on level 12 of the Dungeon.
             The game lasted 00:27:36 (22082 turns).

Atlas the Thaumaturge (DsFE)                       Turns: 22082, Time: 00:27:37

Health: -1/83      AC: 16    Str:  8    XL:     13   Next: 50%
Magic:  24/31      EV: 12    Int: 23    God:    Vehumet [****..]
Gold:   1549       SH: 12    Dex: 17    Spells: 33/40 levels left

rFire   + . .        E - staff of fire
rCold   + . .        J - +3 buckler of Macaroni {rElec rPois rF+ Int+3}
rNeg    + + .        U - +0 acid dragon scales
rPois   +            d - +2 helmet
rElec   +            (no cloak)
rCorr   +            H - +2 pair of gloves of the World {^Drain rPois rN+ Dex+2}
SInv    .            (no boots)
Will    +++..        R - amulet of the Four Winds {rN+ Will+++ Clar}
Stlth   ++           c - ring of flight
HPRegen 0.33/turn    u - ring of ice
MPRegen 0.22/turn

%: clarity
@: flying
A: icy blue scales 2, spiny 2, condensation shield
a: Renounce Religion


You were on level 12 of the Dungeon.
You worshipped Vehumet.
Vehumet was greatly pleased with you.
You visited 2 branches of the dungeon, and saw 16 of its levels.
You also visited: Bailey.

You collected 1582 gold pieces.
You spent 33 gold pieces at shops.

Inventory:

Hand Weapons
 D - a +4 trident of draining
 V - the +5 mace of Urycoed {freeze, rC+ rN+ Str+3}
   (You found it on level 15 of the Dungeon)

   Str+3:     It affects your strength (+3).
   rC+:       It protects you from cold.
   rN+:       It protects you from negative energy.
Missiles
 z - 4 throwing nets
Armour
 d - a +2 helmet (worn)
 H - the +2 pair of gloves of the World (worn) {^Drain rPois rN+ Dex+2}
   (You found it on level 7 of the Dungeon)

   Dex+2:     It affects your dexterity (+2).
   rPois:     It protects you from poison rN+: It protects you from negative
   energy.
   ^Drain:    It drains your maximum health when unequipped.
 J - the +3 buckler of Macaroni (worn) {rElec rPois rF+ Int+3}
   (You found it on level 7 of the Dungeon)

   Int+3:     It affects your intelligence (+3).
   rF+:       It protects you from fire.
   rElec:     It insulates you from electricity.
   rPois:     It protects you from poison
 U - +0 acid dragon scales (worn)
Magical Staves
 E - a staff of fire (weapon)
Jewellery
 c - a ring of flight (left hand)
 q - an amulet of reflection
 u - a ring of ice (right hand)
 L - a +6 ring of strength
 R - the amulet of the Four Winds (around neck) {rN+ Will+++ Clar}
   (You found it on level 13 of the Dungeon)

   [amulet of nothing]

   rN+:       It protects you from negative energy.
   Will+++:   It greatly increases your willpower.
   Clar:      It protects you from confusion, rage, mesmerisation and fear.
Wands
 l - a wand of polymorph (10)
 o - a wand of roots (9)
 y - a wand of flame (14)
 W - a wand of mindburst (7)
Scrolls
 g - 7 scrolls of brand weapon
 h - 2 scrolls of revelation
 n - 4 scrolls of blinking
 r - 3 scrolls of noise
 s - 3 scrolls of amnesia
 t - 9 scrolls of teleportation
 v - a scroll of fear
 x - a scroll of enchant armour
 C - a scroll of immolation
 I - a scroll of poison
 N - a scroll of summoning
 P - 2 scrolls of torment
 S - a scroll of enchant weapon
Potions
 a - a potion of attraction {unknown}
 b - 3 potions of magic
 e - 3 potions of resistance {unknown}
 f - a potion of cancellation {unknown}
 i - 2 potions of might {unknown}
 j - 2 potions of mutation {unknown}
 k - 3 potions of degeneration {unknown}
 m - 6 potions of curing
 p - a potion of berserk rage {unknown}
 w - 4 potions of heal wounds {unknown}
 A - a potion of lignification {unknown}
 K - 2 potions of enlightenment {unknown}
 M - 2 potions of brilliance {unknown}
 O - 2 potions of invisibility {unknown}
 Q - 7 potions of ambrosia
 T - a potion of haste {unknown}
Miscellaneous
 B - a phantom mirror
 F - a condenser vane
 G - a sack of spiders


   Skills:
 + Level 1.9 Fighting
 + Level 1.1(1.2) Polearms
 + Level 0.4(0.9) Staves
 + Level 3.9 Armour
 + Level 3.6 Dodging
 - Level 2.0 Stealth
 + Level 4.1 Shields
 + Level 0.9 Unarmed Combat
 + Level 14.2 Spellcasting
 + Level 7.1 Conjurations
 + Level 13.3 Fire Magic
 + Level 0.3 Evocations


You had 33 spell levels left.
You knew the following spells:

 Your Spells              Type           Power      Damage    Failure   Level
a - Scorch                Fire           100%       2d9       1%          2
b - Foxfire               Conj/Fire      100%       2x1d9     1%          1
c - Flame Wave            Conj/Fire      76%        2d17      1%          4

Your spell library contained the following spells:

 Spells                   Type           Power      Damage    Failure   Level
 Sting                    Conj/Alch      100%       1d9       1%          1
 Static Discharge         Conj/Air       64%        3-6/arc   1%          2
 Inner Flame              Hex/Fire       63%        N/A       1%          3
 Volatile Blastmotes      Fire/Tloc      100%       2d18      1%          3
 Mercury Vapours          Alch/Air       32%        N/A       4%          2
 Iskenderun's Battlesphe  Conj           49%        2d10      4%          5
 Ensorcelled Hibernation  Hex/Ice        48%        N/A       14%         2
 Irradiate                Conj/Alch      16%        3d17      16%         5
 Airstrike                Air            8%         2d(2-18)  24%         4
 Olgreb's Toxic Radiance  Alch           16%        N/A       24%         4
 Fugue of the Fallen      Necr           16%        N/A       28%         3
 Ignition                 Fire           43%        3d12      52%         8
 Bombard                  Conj/Erth      16%        9d3       61%         6
 Anguish                  Hex/Necr       8%         N/A       67%         4
 Summon Lightning Spire   Summ/Air       16%        N/A       67%         4
 Spellforged Servitor     Conj/Summ      16%        N/A       98%         7


Dungeon Overview and Level Annotations

Branches:
Dungeon (15/15)            Temple (1/1) D:4            Lair (0/5) D:11
    Orc (0/2) D:9          Vaults (0/5) D:13         Bailey (visited)
 Depths: D:15

Altars:
Ashenzari
Cheibriados
Dithmenos
Fedhas
Gozag
Hepliaklqana
Kikubaaqudgha
Makhleb
Nemelex Xobeh
Okawaru
Qazlal
Ru
Sif Muna
Trog
Uskayaw
Vehumet
Wu Jian
Xom
Yredelemnul

Shops:
D:1 =!(*   D:9 (   D:10 !

Annotations:
D:3 1 runed translucent door, Crazy Yiuf
D:11 Rupert
D:12 1 transporter


Innate Abilities, Weirdness & Mutations

You are mostly covered in icy blue scales. (AC +3)
You are mostly covered in sharp spines.
A meltable shield of frost defends you. (SH +4)


Message History

The swamp worm's fire resistance burns away.
The swamp worm fires a harpoon shot at you.
The harpoon shot hits you.
You are yanked forward by the harpoon shot.
You collide with the briar patch!
The briar patch is heavily damaged.
* * * LOW HITPOINT WARNING * * *
You become entangled in the net!
Casting: Scorch (safe; 1% risk of failure)
Confirm with . or Enter, or press ? or * to list all spells.
You feel a surge of power!
Flames lash the swamp worm.
The swamp worm is burned terribly!
The swamp worm is heavily wounded.
The swamp worm fires a harpoon shot at you.
The harpoon shot hits you!
* * * LOW HITPOINT WARNING * * *
You are yanked forward by the harpoon shot.
You collide with the briar patch!
The briar patch is severely damaged.
The swamp worm fires a harpoon shot at you.
The harpoon shot hits you!
* * * LOW HITPOINT WARNING * * *
You are yanked forward by the harpoon shot.
You feel better. You block the swamp worm's attack.
You feel better.
The swamp worm fires a harpoon shot at you.
The harpoon shot hits you but does no damage.
You block the swamp worm's attack.
Casting: Scorch (safe; 1% risk of failure)
Confirm with . or Enter, or press ? or * to list all spells.
You feel a surge of power!
Flames lash the swamp worm.
The swamp worm is heavily wounded.
The swamp worm's fire resistance burns away.
The swamp worm fires a harpoon shot at you.
The harpoon shot hits you.
* * * LOW HITPOINT WARNING * * *
You are yanked forward by the harpoon shot.
You collide with the briar patch!
The briar patch is destroyed!
You die...

......................#..........
............÷.....##..#..........
..............©...##..#..........
............#####.##..#..........
............#=©[#.##..#..........
............#$$$#.....#..........
.^........####+####...#..........
>.........#w≈P§P≈##...#..........
..........##≈P^.@w#...#..........
..........#♣≈P^°###...#..........
..........###☼^.≈♣#...#..........
..........#†≈P^P≈##...#..........
..........##≈P^P≈†#...#..........
..........#♣≈P^.§##...#..........
#####.....###P©P###...#..........
# #.......#####.....#.......... #
#.........©.......#..........


You could see 2 swamp worms.

Vanquished Creatures
  Jorgrun (D:14)
  Frances (D:14)
  A hydra (D:14)
  2 centaur warriors (D:13)
  3 boulder beetles
  An ironbound frostheart (D:13)
  3 two-headed ogres
  An orc knight (D:10)
  3 deep elf pyromancers
  15 ugly things
  A cyclops (D:12)
  3 manticores
  Joseph (D:7)
  A meliai (shapeshifter) (D:14)
  3 unseen horrors
  Jeremiah (D:7)
  2 gargoyles
  A kobold demonologist (D:14)
  3 komodo dragons
  A queen bee (D:10)
  6 trolls
  2 slime creatures (D:7)
  Sigmund (D:6)
  4 wraiths
  2 shadows
  2 vampires
  9 yaks
  2 wyverns
  2 humans (D:13)
  Eustachio (D:4)
  9 vampire mosquitoes
  A steam dragon (D:7)
  2 swamp worms (D:12)
  4 acid dragons
  Duvessa (D:6)
  A water moccasin (shapeshifter) (D:13)
  6 orc warriors
  4 sky beasts
  3 ice beasts
  A black bear (D:6)
  4 ogres
  A boggart (shapeshifter) (D:14)
  5 wolves (Bailey)
  11 centaurs
  2 phantoms (D:5)
  Blork the orc (D:5)
  5 bullfrogs
  4 kobold brigands
  11 gnoll sergeants
  3 scorpions
  2 wights (D:7)
  Dowan (D:6)
  33 killer bees
  6 howler monkeys
  6 gnoll boudas (Bailey)
  A jelly (D:5)
  3 bombardier beetles
  8 hounds
  5 orc priests
  A sleepcap (D:6)
  6 iguanas
  7 orc wizards
  Natasha (thrice) (D:3)
  16 gnolls
  13 adders
  A shadow imp (D:6)
  2 white imps
  A dart slug (D:3)
  38 orcs
  8 ball pythons
  6 endoplasms
  A giant cockroach (D:2)
  9 goblins
  6 hobgoblins
  10 jackals
  19 kobolds
  4 quokkas
  4 bats
  2 frilled lizards (D:2)
  4 rats
384 creatures vanquished.

Vanquished Creatures (others)
  A cyclops (D:7)
  An orc wizard (D:6)
  1045 foxfires
1047 creatures vanquished.

Grand Total: 1431 creatures vanquished

Notes
Turn   | Place    | Note
-------+----------+-------------------------------------------
     0 | D:1      | Atlas the Demonspawn Fire Elementalist began the quest for
                  | the Orb.
     0 | D:1      | Reached XP level 1. HP: 13/13 MP: 3/3
    16 | D:1      | Found Udafyer's Assorted Antiques.
   303 | D:1      | Found Wisos's Jewellery Boutique.
   398 | D:1      | Gained mutation: You are partially covered in icy blue
                  | scales. (AC +2) [demonic ancestry]
   398 | D:1      | Reached XP level 2. HP: 19/19 MP: 0/5
   401 | D:1      | Learned a level 2 spell: Scorch
   613 | D:1      | Found Xuloit's Weapon Boutique.
   748 | D:1      | Found a faded altar of an unknown god.
  1048 | D:1      | Found Yloil's Distillery.
  1219 | D:2      | Reached XP level 3. HP: 23/24 MP: 0/6
  2394 | D:3      | Noticed a centaur
  2400 | D:3      | Killed a centaur
  2401 | D:3      | Reached skill level 3 in Spellcasting
  2401 | D:3      | Gained mutation: You are mostly covered in icy blue scales.
                  | (AC +3) [demonic ancestry]
  2401 | D:3      | Reached XP level 4. HP: 24/31 MP: 1/8
  2401 | D:3      | Reached XP level 5. HP: 28/36 MP: 1/9
  2475 | D:3      | Noticed Natasha
  2479 | D:3      | Killed Natasha
  3427 | D:3      | Found a runed translucent door.
  3428 | D:3      | Noticed Crazy Yiuf
  3468 | D:3      | Noticed Natasha
  3659 | D:3      | Killed Natasha
  3892 | D:3      | Noticed Natasha
  3894 | D:3      | Killed Natasha
  4425 | D:4      | Found a staircase to the Ecumenical Temple.
  4437 | Temple   | Entered the Ecumenical Temple
  4455 | Temple   | Became a worshipper of Vehumet
  4490 | D:4      | Gained mutation: A meltable shield of frost defends you.
                  | (SH +4) [demonic ancestry]
  4490 | D:4      | Reached XP level 6. HP: 38/42 MP: 4/11
  4838 | D:4      | Reached skill level 5 in Fire Magic
  5116 | D:4      | Found a shimmering blue altar of Sif Muna.
  5122 | D:4      | Learned a level 4 spell: Flame Wave
  5174 | D:4      | Reached skill level 4 in Spellcasting
  5237 | D:4      | Noticed Eustachio
  5337 | D:4      | Killed Eustachio
  5338 | D:4      | Gained mutation: You are partially covered in sharp spines.
                  | [demonic ancestry]
  5338 | D:4      | Reached XP level 7. HP: 47/47 MP: 5/13
  5472 | D:5      | Entered Level 5 of the Dungeon
  5722 | D:5      | Reached skill level 5 in Spellcasting
  6232 | D:5      | Reached * piety under Vehumet
  6232 | D:5      | Offered knowledge of Sandblast by Vehumet.
  6233 | D:5      | Gained mutation: You are mostly covered in sharp spines.
                  | [demonic ancestry]
  6233 | D:5      | Reached XP level 8. HP: 50/53 MP: 5/16
  6758 | D:6      | Noticed Blork the orc
  6763 | D:6      | Reached skill level 6 in Spellcasting
  6768 | D:5      | Killed Blork the orc
  7187 | D:6      | Noticed Dowan
  7188 | D:6      | Noticed Duvessa
  7204 | D:6      | Killed Dowan
  7214 | D:6      | Killed Duvessa
  7215 | D:6      | Reached skill level 1 in Armour
  7515 | D:6      | Noticed Sigmund
  7532 | D:6      | Killed Sigmund
  7533 | D:6      | Reached skill level 7 in Spellcasting
  7632 | D:6      | Reached XP level 9. HP: 55/58 MP: 12/19
  7880 | D:6      | Reached ** piety under Vehumet
  7977 | D:6      | Offered knowledge of Searing Ray by Vehumet.
  8621 | D:7      | Reached skill level 8 in Spellcasting
  8636 | D:7      | Reached skill level 1 in Shields
  8669 | D:7      | Found a flagged portal.
  8692 | D:7      | Identified the +3 lajatang of the Three Dances {heavy,
                  | *Rage ^Fragile rF+ Str+4 Dex+3}
  8703 | Bailey   | Entered a bailey
  8982 | Bailey   | Offered knowledge of Hailstorm by Vehumet.
  9493 | Bailey   | Reached XP level 10. HP: 50/64 MP: 5/22
  9632 | Bailey   | Reached *** piety under Vehumet
  9794 | Bailey   | Reached skill level 9 in Spellcasting
 10116 | D:7      | Noticed Jeremiah
 10125 | D:7      | Offered knowledge of Ignite Poison by Vehumet.
 10327 | D:7      | Killed Jeremiah
 10792 | D:7      | Noticed a gargoyle
 10802 | D:7      | Killed a gargoyle
 10803 | D:7      | Reached skill level 1 in Fighting
 10966 | D:7      | Noticed a green ugly thing
 10973 | D:7      | Killed a green ugly thing
 10974 | D:7      | Reached skill level 10 in Spellcasting
 11100 | D:7      | Noticed a cyclops
 11108 | D:7      | Killed a cyclops
 11241 | D:7      | Reached **** piety under Vehumet
 11242 | D:7      | Reached skill level 10 in Fire Magic
 11333 | D:7      | Identified the +1 short sword "Fezuext" {antimagic, Dex+7}
 11445 | D:7      | Identified the +2 pair of gloves of the World {^Drain rPois
                  | rN+ Dex+2}
 11481 | D:7      | Noticed Joseph
 11491 | D:7      | Killed Joseph
 11494 | D:7      | Offered knowledge of Brom's Barrelling Boulder by Vehumet.
 11667 | D:7      | Identified the +3 buckler of Macaroni {rElec rPois rF+
                  | Int+3}
 11708 | D:7      | Identified the +3 arbalest "Quesch" {heavy, rC- Int+4}
 11710 | D:7      | Reached XP level 11. HP: 70/70 MP: 23/25
 11787 | D:7      | Reached skill level 5 in Conjurations
 12727 | D:8      | Noticed a two-headed ogre
 13007 | D:8      | Killed a two-headed ogre
 13008 | D:8      | Reached skill level 11 in Spellcasting
 13113 | D:8      | Found a burning altar of Makhleb.
 13349 | D:9      | Found a staircase to the Orcish Mines.
 13525 | D:9      | Found Banonauf's Weapon Shoppe.
 13826 | D:8      | Found a stormy altar of Qazlal.
 13826 | D:8      | Found a bloodstained altar of Trog.
 13952 | D:10     | Entered Level 10 of the Dungeon
 13991 | D:10     | Found Nuhuluetz's Distillery.
 13999 | D:10     | Bought a potion of curing for 33 gold pieces
 14041 | D:10     | Noticed a cyan ugly thing
 14048 | D:10     | Killed a cyan ugly thing
 14509 | D:10     | Reached ***** piety under Vehumet
 14509 | D:10     | Offered knowledge of Freezing Cloud by Vehumet.
 14588 | D:10     | Reached skill level 12 in Spellcasting
 15207 | D:10     | Noticed a two-headed ogre
 15207 | D:10     | Noticed an orc knight
 15241 | D:9      | Killed a two-headed ogre
 15320 | D:10     | Killed an orc knight
 15321 | D:10     | Reached XP level 12. HP: 43/77 MP: 20/28
 16164 | D:11     | Found a staircase to the Lair.
 16475 | D:12     | Noticed a boulder beetle
 16540 | D:11     | Killed a boulder beetle
 16852 | D:12     | Found a transporter.
 17031 | D:12     | Found a transporter.
 17246 | D:12     | Noticed Rupert
 17269 | D:12     | Reached skill level 13 in Spellcasting
 18012 | D:11     | Paralysed by Rupert for 3 turns
 18858 | D:13     | Noticed an ironbound frostheart
 19032 | D:13     | Noticed a centaur warrior
 19041 | D:13     | Killed a centaur warrior
 19093 | D:13     | Killed an ironbound frostheart
 19233 | D:13     | Found the amulet of the Four Winds {rN+ Will+++ Clar}
 19425 | D:13     | Identified the orb of the Blizzard {*channel, Str+4}
 19873 | D:13     | Found a gate to the Vaults.
 19923 | D:13     | Noticed a two-headed ogre
 19930 | D:13     | Killed a two-headed ogre
 20033 | D:14     | Noticed a centaur warrior
 20033 | D:14     | Noticed a boulder beetle
 20040 | D:13     | Killed a centaur warrior
 20100 | D:13     | Killed a boulder beetle
 20101 | D:13     | Reached XP level 13. HP: 55/83 MP: 6/30
 20467 | D:14     | Offered knowledge of Iskenderun's Battlesphere by Vehumet.
 20613 | D:14     | Noticed Jorgrun
 20625 | D:14     | Killed Jorgrun
 20957 | D:14     | You are sucked into a shaft and drop 1 floor!
 20957 | D:15     | Entered Level 15 of the Dungeon
 21066 | D:14     | Noticed Frances
 21354 | D:14     | Reached skill level 14 in Spellcasting
 21513 | D:14     | Reached skill level 1 in Polearms
 21640 | D:14     | Killed Frances
 21901 | D:15     | Identified the +5 mace of Urycoed {freeze, rC+ rN+ Str+3}
 22079 | D:12     | HP: 2/83 [swamp worm/harpoon shot (10)]
 22082 | D:12     | Collided with a briar patch

Illustrated notes

Levels and vault maps discovered:
D:1:      mainiacjoe_arrival_reflecting_pool, layout_basic,
          dreamdust_ecumenical_altar_angels_and_demons, serial_shops, shop,
          nicolae_lakefront_shop, nicolae_shop_rolling_square,
          nicolae_shop_stone
D:2:      layout_loops_ring
D:3:      layout_loops_corners, chequers_serial_rivers_micro_d,
          kennysheep_decorative_pillar, feat_on_display, uniq_natasha,
          uniq_crazy_yiuf_cottage
D:4:      layout_basic, lemuel_crystal_altar, minmay_temple_entry_large_hall,
          uniq_eustachio
D:5:      layout_gridville, serial_rivers, chequers_serial_rivers_large_a,
          chequers_serial_rivers_large_b, chequers_serial_rivers_marsh,
          chequers_serial_rivers_micro_d, grunt_decor_one_mirror,
          eino_small_chamber_without_monster, minivault_4,
          kennysheep_generic_room_9
D:6:      layout_cave_pools, serial_co_window_serial, co_window_paths_b,
          co_window_paths_b, co_window_corner_a, co_window_paths_a,
          co_window_paths_a, co_window_2corner, co_window_broadway_b,
          co_window_corner_b, co_window_4corner_b, glass_columns_b,
          minmay_alternating_orb, uniq_sigmund, uniq_duvessa, uniq_blork_the_orc
D:7:      minmay_the_grid_octo_tiled_octocenter
          [minmay_the_grid_octo_fat_diamond,
          minmay_the_grid_octo_tetromino_candy, minmay_the_grid_octo_fan_narrow,
          minmay_the_grid_octo_77, minmay_the_grid_octo_prize_square_snowflake,
          minmay_the_grid_square_5x5_checkered_statues,
          minmay_the_grid_square_5x5_almost_minimal,
          minmay_the_grid_square_5x5_plus, minmay_the_grid_square_5x5_three],
          layout_layer_cave, enter_bailey_5, nicolae_ossuary_entry_ruins,
          uniq_jeremiah, uniq_joseph
D:8:      layout_basic, amcnicky_altar_gilded, nicolae_overflow_hidden_temple,
          serial_curves, eino_curves_02, eino_curves_02
D:9:      layout_roguey, david_orc_2, serial_shops, shop
D:10:     cheibrodos_barr_body, layout_basic, serial_shops,
          nicolae_lakefront_shop, special_room [special_room_bee],
          minmay_quadrilaterals
D:11:     layout_irregular_city, lair_entry_dummy
D:12:     gammafunk_worm_tunnel, layout_long_grid, uniq_rupert
D:13:     layout_roguey, hellmonk_vaults_keyhole
D:14:     layout_cave_pods, chequers_serial_rivers_micro_a, uniq_jorgrun,
          uniq_frances
D:15:     grunt_enter_depths_snipers, layout_small_grid, serial_shops, shop,
          glass_columns_a, laboratory
Temple:   nicolae_temple_bog_church

Skill      XL: |  1  2  3  4  5  6  7  8  9 10 11 12 13 |
---------------+----------------------------------------+-----
Stealth        | 2 |  2.0
Fire Magic     | 3 4 5 6 7 9 10 11 12 13 | 13.3
Dodging        | 2 3 |  3.6
Spellcasting   | 3 4 5 7 8 10 12 13 14 | 14.2
Conjurations   | 2 3 4 5 6 7 |  7.1
Armour         | 1 2 3 |  3.9
Shields        | 1 2 3 4 |  4.1
Fighting       | 1 |  1.9
Polearms       | 1 |  1.1
Staves         | |  0.4
Unarmed Combat | |  0.9
Evocations     | |  0.3

Action                     |  1- 3 |  4- 6 |  7- 9 | 10-12 | 13-15 || total
---------------------------+-------+-------+-------+-------+-------++-------
  Melee: Unarmed           |    55 |       |     8 |       |       ||    63
         Punch             |     1 |       |       |       |       ||     1
         Lajatang          |       |       |     2 |     5 |       ||     7
         Trident           |       |       |       |    14 |    13 ||    27
         Staff             |       |       |       |     9 |     1 ||    10
   Cast: Foxfire           |    38 |    49 |   145 |   333 |    31 ||   596
         Scorch            |    21 |    44 |   129 |   267 |    49 ||   510
         Flame Wave        |       |       |     2 |    22 |    15 ||    39
  Evoke: Wand              |       |       |       |     8 |       ||     8
    Use: Scroll            |       |       |     9 |     5 |     2 ||    16
         Potion            |       |       |       |       |     4 ||     4
   Stab: Paralysed         |       |       |       |     8 |       ||     8
 Armour: Robe              |    68 |    24 |       |       |       ||    92
         Leather armour    |       |       |    55 |    24 |       ||    79
         Steam dragon scal |       |       |       |    40 |       ||    40
         Acid dragon scale |       |       |       |    77 |    55 ||   132
  Dodge: Dodged            |    70 |    13 |    53 |    80 |    17 ||   233
  Block: Other             |       |     7 |    42 |    21 |       ||    70
         Reflection        |       |     1 |     5 |    24 |       ||    30
         Buckler           |       |       |       |   153 |    41 ||   194

Table legend: (Time is in decaauts)
 A = Elapsed time spent in this place.
 B = Non-inter-level travel time spent in this place.
 C = Inter-level travel time spent in this place.
 D = Time resting spent in this place.
 E = Time spent auto-exploring this place.
 F = Levels seen in this place.
 G = Mean time per level.
                   A        B        C        D        E       F      G
               +--------+--------+--------+--------+--------+-----+--------+
         Total |  22116 |  21386 |    730 |   2558 |  15818 |  17 | 1300.9 |
       Dungeon |  20701 |  20006 |    695 |   1974 |  15314 |  15 | 1380.1 |
        Temple |     36 |      1 |     35 |      0 |      0 |   1 |   36.0 |
        Bailey |   1377 |   1377 |      0 |    584 |    504 |   1 | 1377.0 |
               +--------+--------+--------+--------+--------+-----+--------+

Top non-repeatable levels by time:
     D:7: 2662 daAuts
    D:11: 2082 daAuts
    D:14: 1649 daAuts
     D:5: 1635 daAuts
    D:10: 1565 daAuts
     D:6: 1506 daAuts
    D:13: 1468 daAuts
     D:3: 1436 daAuts
  Bailey: 1377 daAuts
     D:4: 1376 daAuts
     D:2: 1329 daAuts
     D:1: 1295 daAuts
    D:12: 1210 daAuts
     D:8: 712 daAuts
     D:9: 677 daAuts
